 Dungeon Crawl Stone Soup version 0.18-a0-1426-g3b9a63c (webtiles) character file.

119 M4edhros the Insei (level 5, 0/33 HPs)
             Began as an Octopode Artificer on Feb 28, 2016.
             Slain by a killer bee (9 damage)
             ... on level 4 of the Dungeon.
             The game lasted 00:01:16 (1240 turns).

M4edhros the Insei (Octopode Artificer)             Turns: 1240, Time: 00:01:16

Health: 0/33       AC:  1    Str: 11    XL:     5   Next: 3%
Magic:  7/7        EV: 12    Int: 15    God:
Gold:   37         SH:  0    Dex: 12    Spells: 0 memorised, 4 levels left

rFire  . . .     SeeInvis .       - Unarmed
rCold  . . .     Gourm    .     (no shield)
rNeg   . . .     Faith    .     (helmet restricted)
rPois  .         Spirit   .     (no amulet)
rElec  .         Dismiss  .     (no ring)
rCorr  .         Reflect  .     (no ring)
SustAt .         Harm     .     (no ring)
MR     .....                    (no ring)
Stlth  +++.......               (no ring)
                                (no ring)
                                (no ring)
                                (no ring)

@: lethally poisoned (0 -> -7), not resistant to hostile enchantments, fairly
stealthy
A: almost no armour, amphibious, 8 rings, constrict 8, camouflage 1, gelatinous
body 1
a: no special abilities


You were on level 4 of the Dungeon.
You were not hungry.

You visited 1 branch of the dungeon, and saw 4 of its levels.

You collected 37 gold pieces.

Inventory:

Wands
 b - a wand of flame (15/48)
 c - a wand of enslavement (15/24)
 d - a wand of random effects (14/48)
Scrolls
 a - a scroll of remove curse {unknown}
 e - a scroll of enchant armour {unknown}
 g - 2 scrolls of identify {unknown}
 i - a scroll of immolation {unknown}
Comestibles
 f - 2 bread rations
 h - 6 fruits
 j - a meat ration
 k - 2 slices of pizza


   Skills:
 - Level 1.0 Fighting
   Level 1.0 Short Blades
 - Level 2.0 Dodging
 - Level 1.3 Stealth
 + Level 4.4 Unarmed Combat
 - Level 3.2 Evocations


You had 4 spell levels left.
You didn't know any spells.

Dungeon Overview and Level Annotations

Branches:
Dungeon (4/15)
 Temple: D:4-7

Altars:

Annotations:
D:4 1 exclusion


Innate Abilities, Weirdness & Mutations

You cannot wear most types of armour.
You are amphibious.
You can wear up to eight rings at the same time.
You can use your tentacles to constrict eight enemies at once.
Your skin changes colour to match your surroundings (Stealth).
Your rubbery body absorbs attacks (AC +1).


Message History

The orc closely misses you.
The orc wizard casts a spell.
The orc wizard blinks free!
The orc hits you.
The orc throws a tomahawk.
The tomahawk closely misses you.
You see here a tomahawk.
The orc wizard hits you with a dagger.
The orc wizard gestures at you while chanting.
The magic dart hits you!
The orc wizard gestures wildly while chanting.
The orc wizard blinks!
Evoke which item? (* to show all) (? for menu, Esc to quit)
Zapping:
d - a wand of random effects (15/48)
Press: ? - help, Shift-Dir - straight line, f - orc
Aim: an orc, wearing a leather armour The orc evaporates and reforms as a killer bee!
This wand has 14 charges left.
The killer bee stings you!
* * * LOW HITPOINT WARNING * * *
You are poisoned.
The killer bee poisons you! The killer bee stings you!
You die...

#.###
..................
##...##
#................
##....b##
#................
#.b%.$b.
#....)o.(....# #..[..
##....o#o....#
#b..##########.#.....#
###.##.......#o#.....#
#......#####.#y#.....#
#.#.##.#####.#@#.....#
#.#.#........#.#....)#
#.#.#.....####.#.....#
#.#.##.##.# #.#
#....#.##.# #.#
#..#.##.# #.#
#.......# #.#
#<##.#### #.#
####.#######.#


You could see a killer bee and 3 orcs.

Vanquished Creatures
  A vampire bat (D:4)
  Jessica (D:3)
  A worker ant (D:4)
  An adder (D:3)
  6 bats
  A giant cockroach (D:2)
  A hobgoblin (D:1)
  3 jackals (D:2)
  A quokka (D:2)
  4 goblins
  A kobold (D:1)
  A rat (D:2)
22 creatures vanquished.

Notes
Turn   | Place    | Note
--------------------------------------------------------------
     0 | D:1      | M4edhros the Octopode Artificer began the quest for the Orb.
     0 | D:1      | Reached XP level 1. HP: 13/13 MP: 3/3
   131 | D:1      | Reached skill level 1 in Unarmed Combat
   213 | D:1      | Reached XP level 2. HP: 18/18 MP: 4/4
   491 | D:2      | Reached skill level 2 in Unarmed Combat
   780 | D:3      | Reached XP level 3. HP: 21/23 MP: 5/5
   802 | D:3      | Noticed Jessica
   810 | D:3      | Killed Jessica
   810 | D:3      | Reached skill level 3 in Unarmed Combat
  1013 | D:4      | Reached skill level 4 in Unarmed Combat
  1013 | D:4      | Reached XP level 4. HP: 21/28 MP: 6/6
  1091 | D:4      | Reached XP level 5. HP: 21/33 MP: 7/7
  1240 | D:4      | Slain by a killer bee

Vault maps used:
D:1:      scummos_arrival_simple_crosswalls
D:2:      first_bread, minmay_joined_circles
D:3:      gammafunk_temple_overflow_forgotten, uniq_terence, uniq_jessica,
          uniq_sigmund
D:4:      cheibriados_altar_1, roderic_batcave, tgw_trog

Skill      XL: |  1  2  3 |
---------------+----------+-----
Unarmed Combat | 1 2 4 |  4.4
Fighting       | |  1.0
Short Blades   | |  1.0
Dodging        | |  2.0
Stealth        | |  1.3
Evocations     | |  3.2

Action                   |  1- 3 |  4- 6 || total
-------------------------+-------+-------++-------
Melee: Unarmed           |    52 |    12 ||    64
Evoke: Wand              |       |     1 ||     1
 Stab: Sleeping          |     8 |     1 ||     9
  Eat: Chunk             |       |     1 ||     1
